Login

Colorado Eagles vs San Diego Gulls

Created - 06 May 2024 at 23:10

Goals
1 2 3 T
Colorado Eagles 0 0 1 1
San Diego Gulls 0 5 2 7
Shots
1 2 3 T
Colorado Eagles 0 11 3 14
San Diego Gulls 1 23 5 29

GoalsPenalties
1st period
No Goal
No Penalty
2nd period
1. San Diego Gulls , Glenn Gawdin 9 (Chase De-Leo 4, Colton White 11) at 9:20
2. San Diego Gulls , Colton White 2 (Brayden Tracey 11, Chris Martenet 2) at 12:52
3. San Diego Gulls , Nikita Nesterenko 8 (Pavol Regenda 19, Glenn Gawdin 16) at 14:18 (PP)
4. San Diego Gulls , Trevor Carrick 1 (Pavol Regenda 20, Nikita Nesterenko 9) at 15:32 (PP)
5. San Diego Gulls , Pavol Regenda 16 (Colton White 12, Nikita Nesterenko 10) at 17:33 (PP)
Keaton Middleton (COL) for Roughing (Double Minor) at 13:38
Keaton Middleton (COL) for Tripping (Minor) at 17:30
Pavol Regenda (SDG) for Fighting (Major) at 17:36
Keaton Middleton (COL) for Fighting (Major) at 17:36
Nate Clurman (COL) for Cross-checking (Minor) at 18:27
3rd period
6. Colorado Eagles , Spencer Smallman 5 (Riley Tufte 15, Nate Clurman 1) at 15:44
7. San Diego Gulls , Pavol Regenda 17 (Chris Martenet 3, Brett Leason 15) at 16:00
8. San Diego Gulls , Pavol Regenda 18 (Nikita Nesterenko 11, Glenn Gawdin 17) at 18:12 (PP)
Chris Martenet (SDG) for Interference (Minor) at 2:13
Alex Beaucage (COL) for Tripping (Minor) at 17:18
Goalie Stats
Tommy Nappier (COL), 7 saves from 10 shots - (0.700), 24:28 minutes
Ivan Prosvetov (COL), 15 saves from 19 shots - (0.789), L, 7-13-3, 35:32 minutes
Lukas Dostal (SDG), 13 saves from 14 shots - (0.929), W, 13-8-1, 60:00 minutes
3 StarsOfficial
1 - Pavol Regenda (SDG)
2 - Nikita Nesterenko (SDG)
3 - Colton White (SDG)
Referees : Francis Charron and Francois St-Laurent
Linesman : Kyle Allen and Neil Campbell
Game Note
Tommy Nappier enters game at 15:32 of 2nd period
Keaton Middleton beats up Pavol Regenda at 17:36 of 2nd period
Pavol Regenda has scored a Hat Trick!
Finance
Level 1 -- Attendance: 1772 (88.60%) -- Ticket Income $62,020
Level 2 -- Attendance: 965 (96.50%) -- Ticket Income $14,475
Total Attendance: 2737 (91.23%)
Total Ticket Income: $76,495
Other Income: $37,483
Total Income: $113,978



Team Name Goals Shots Shots Attemp Shots Blocked PIM HIT PP PK FO%
Colorado Eagles 11429915160 / 1 (0%)456%
San Diego Gulls 7295257214 / 5 (80%)044%

Colorado Eagles
Player Name POS G A P +/- PIM HIT SHT SB MP PP MP PP SHT PK MP PK SHT FO% FOT GA TA
Alex BeaucageRW000-1210119:190:2100:0000% 100
Benton MaassD0000000018:210:0000:0300% 000
Cole CoskeyRW000000006:210:0000:0000% 000
Grant CruikshankC000000005:340:0000:250100% 100
Jack AhcanD0000004222:280:4203:0000% 000
Jason PolinRW000-1010018:501:0800:00047% 1500
Jean-Luc FoudyC0000010020:010:5103:31060% 510
Keaton MiddletonD000-11100020:110:4300:2900% 000
Matt StienburgRW000000000:420:0000:0000% 000
Nate ClurmanD011-1240119:151:2502:2600% 000
Ondrej PavelC000-1000114:390:0000:00060% 500
Oskar OlaussonRW0000000016:120:5100:0000% 000
Riley TufteLW0110023121:051:0800:54075% 401
Sam MalinskiD000-1000020:420:0000:0300% 000
Sampo RantaLW0000042218:000:5100:540100% 200
Spencer SmallmanRW101-1023019:170:4703:31050% 811
Trenton BlissLW000-2002015:370:0000:2500% 000
Wyatt AamodtD000-1010118:311:0803:3900% 000
San Diego Gulls
Player Name POS G A P +/- PIM HIT SHT SB MP PP MP PP SHT PK MP PK SHT FO% FOT GA TA
Adrien BeraldoD0000000013:130:0000:0000% 000
Blake McLaughlinLW000000000:000:0000:0000% 000
Bo GroulxC0000013019:111:4200:55050% 1000
Brayden TraceyLW0110033118:191:3900:0300% 000
Brett LeasonRW0111033018:410:0700:00033% 2100
Chase De-LeoLW0111001016:151:0700:5700% 011
Chris MartenetD0223201019:570:0000:0000% 000
Colton WhiteD1233001324:083:0601:0500% 000
Connor HvidstonLW000000009:080:1300:0300% 000
Drew HellesonD000000105:400:0000:0000% 000
Glenn GawdinC1231013019:333:0800:56067% 601
Jacob PerreaultRW0000032018:051:3900:0000% 100
Jamie DrysdaleD000-1002019:101:4410:5400% 000
Josh LopinaC0001030014:400:0000:0800% 000
Nikita NesterenkoC1341024022:203:0420:000100% 100
Pavol RegendaLW3251534019:511:5120:58050% 200
Trevor CarrickD1010001016:171:4410:5400% 000
Urho VaakanainenD000-1020123:333:0601:0500% 010

Colorado Eagles

5 vs 5 Forward
Line #Left WingCenterRight WingPHYDFOFWanted %Time %Time Play
1Riley TufteJason PolinAlex Beaucage1224036%19:14
2Sampo RantaJean-Luc FoudyOskar Olausson1223030%15:50
3Trenton BlissOndrej PavelSpencer Smallman1222028%14:53
4Riley TufteSampo RantaAlex Beaucage122106%3:14
5 vs 5 Defense
Line #DefenseDefensePHYDFOFWanted %Time %Time Play
1Sam MalinskiKeaton Middleton1224041%22:04
2Benton MaassJack Ahcan1223031%16:37
3Nate ClurmanWyatt Aamodt1222019%10:11
4Jack AhcanNate Clurman122108%4:19
Power Play Forward
Line #Left WingCenterRight WingPHYDFOFWanted %Time %Time Play
1Riley TufteJason PolinSpencer Smallman1226057%1:08
2Sampo RantaJean-Luc FoudyOskar Olausson1224043%0:51
Power Play Defense
Line #DefenseDefensePHYDFOFWanted %Time %Time Play
1Nate ClurmanKeaton Middleton1226065%1:17
2Wyatt AamodtJack Ahcan1224035%0:42
Penalty Kill 4 Players Forward
Line #CenterWingPHYDFOFWanted %Time %Time Play
1Spencer SmallmanJean-Luc Foudy1226081%3:56
2Riley TufteSampo Ranta1224019%0:54
Penalty Kill 4 Players Defense
Line #DefenseDefensePHYDFOFWanted %Time %Time Play
1Nate ClurmanKeaton Middleton1226091%4:25
2Wyatt AamodtJack Ahcan122409%0:25
Penalty Kill 3 Players
Line #WingPHYDFOFWanted %Time %Time PlayDefenseDefensePHYDFOFWanted %Time %Time Play
1Sampo Ranta122600%0:00 Wyatt AamodtSam Malinski122600%0:00
2Riley Tufte122400%0:00 Nate ClurmanJack Ahcan122400%0:00
4 vs 4 Forward
Line #CenterWingPHYDFOFWanted %Time %Time Play
1Jean-Luc FoudySpencer Smallman122600%0:00
2Riley TufteSampo Ranta122400%0:00
4 vs 4 Defense
Line #DefensePHYDFOFWanted %Time %Time Play
1Wyatt AamodtKeaton Middleton122600%0:00
2Nate ClurmanJack Ahcan122400%0:00
Last Minutes Offensive
Left WingCenterRight WingDefenseDefense
Riley TufteJean-Luc FoudySampo RantaKeaton MiddletonJack Ahcan
Last Minutes Defensive
Left WingCenterRight WingDefenseDefense
Riley TufteJean-Luc FoudySampo RantaKeaton MiddletonJack Ahcan
Time
Total ForwardTotal DefenseLast Minutes OffensiveLast Minutes Defensive
60:00 60:00 0:000:00
Extra Forwards
Normal PowerPlayPenalty Kill
Jason Polin, Riley Tufte, Spencer SmallmanJason Polin, Riley TufteSpencer Smallman
Extra Defensemen
Normal PowerPlayPenalty Kill
Nate Clurman, Wyatt Aamodt, Jack AhcanNate Clurman, Wyatt AamodtJack Ahcan
Penalty Shots
Spencer Smallman, Oskar Olausson, Riley Tufte, Sampo Ranta, Jean-Luc Foudy
Goalie
Ivan Prosvetov, Tommy Nappier
Custom OT Lines Forwards
Jason Polin, Matt Stienburg, Riley Tufte, Sampo Ranta, Jean-Luc Foudy, Oskar Olausson, Spencer Smallman, Alex Beaucage, Trenton Bliss, Ondrej Pavel
Custom OT Lines Defensemen
Wyatt Aamodt, Benton Maass, Keaton Middleton, Jack Ahcan, Nate Clurman
Scratches
Ben Meyers (Healthy), Corey Schueneman (Healthy), Trent Miner (Healthy)

San Diego Gulls

5 vs 5 Forward
Line #Left WingCenterRight WingPHYDFOFWanted %Time %Time Play
1Pavol RegendaBrett LeasonNikita Nesterenko1224030%15:55
2Brayden TraceyBo GroulxJacob Perreault1223031%16:19
3Chase De-LeoGlenn GawdinJosh Lopina1222026%13:48
4Connor HvidstonNikita NesterenkoPavol Regenda1221013%7:09
5 vs 5 Defense
Line #DefenseDefensePHYDFOFWanted %Time %Time Play
1Chris MartenetColton White1224038%19:57
2Urho VaakanainenJamie Drysdale1223030%16:00
3Trevor CarrickAdrien Beraldo1222022%11:34
4Urho VaakanainenDrew Helleson1221011%5:40
Power Play Forward
Line #Left WingCenterRight WingPHYDFOFWanted %Time %Time Play
1Pavol RegendaGlenn GawdinNikita Nesterenko1226066%3:11
2Brayden TraceyBo GroulxJacob Perreault1224034%1:39
Power Play Defense
Line #DefenseDefensePHYDFOFWanted %Time %Time Play
1Urho VaakanainenColton White1226064%3:06
2Trevor CarrickJamie Drysdale1224036%1:44
Penalty Kill 4 Players Forward
Line #CenterWingPHYDFOFWanted %Time %Time Play
1Glenn GawdinPavol Regenda1226097%1:56
2Bo GroulxBrayden Tracey122403%0:03
Penalty Kill 4 Players Defense
Line #DefenseDefensePHYDFOFWanted %Time %Time Play
1Urho VaakanainenColton White1226055%1:05
2Trevor CarrickJamie Drysdale1224045%0:54
Penalty Kill 3 Players
Line #WingPHYDFOFWanted %Time %Time PlayDefenseDefensePHYDFOFWanted %Time %Time Play
1Pavol Regenda122600%0:00 Trevor CarrickColton White122600%0:00
2Bo Groulx122400%0:00 Urho VaakanainenJamie Drysdale122400%0:00
4 vs 4 Forward
Line #CenterWingPHYDFOFWanted %Time %Time Play
1Brett LeasonPavol Regenda122600%0:00
2Bo GroulxBrayden Tracey122400%0:00
4 vs 4 Defense
Line #DefensePHYDFOFWanted %Time %Time Play
1Trevor CarrickDrew Helleson122600%0:00
2Urho VaakanainenJamie Drysdale122400%0:00
Last Minutes Offensive
Left WingCenterRight WingDefenseDefense
Pavol RegendaBrett LeasonBo GroulxUrho VaakanainenColton White
Last Minutes Defensive
Left WingCenterRight WingDefenseDefense
Pavol RegendaBrett LeasonBo GroulxUrho VaakanainenColton White
Time
Total ForwardTotal DefenseLast Minutes OffensiveLast Minutes Defensive
60:00 60:00 0:000:00
Extra Forwards
Normal PowerPlayPenalty Kill
Glenn Gawdin, Nikita Nesterenko, Brayden TraceyGlenn Gawdin, Nikita NesterenkoGlenn Gawdin
Extra Defensemen
Normal PowerPlayPenalty Kill
Jamie Drysdale, Trevor Carrick, Urho VaakanainenJamie Drysdale, Jamie DrysdaleTrevor Carrick
Penalty Shots
Brayden Tracey, Nikita Nesterenko, Pavol Regenda, Bo Groulx, Glenn Gawdin
Goalie
Lukas Dostal, Gage Alexander
Custom OT Lines Forwards
Brett Leason, Josh Lopina, Pavol Regenda, Bo Groulx, Glenn Gawdin, Nikita Nesterenko, Brayden Tracey, Chase De-Leo, Jacob Perreault, Connor Hvidston
Custom OT Lines Defensemen
Urho Vaakanainen, Adrien Beraldo, Chris Martenet, Jamie Drysdale, Trevor Carrick
Scratches
Judd Caulfield (Bruised Left Leg Injury), Ben Finkelstein (Strained Left Elbow Injury), Alex Ierullo (Healthy), Jackson LaCombe (Bruised Right Shoulder Injury), Calle Clang (Healthy)


Play-by-Play

1st period


0:01 of 1st period - Jason Polin wins face-off versus Brett Leason in neutral zone.
0:40 of 1st period - Bo Groulx is hit by Sampo Ranta and loses puck.
1:36 of 1st period - Bo Groulx is hit by Sampo Ranta and loses puck.
2:34 of 1st period - Nikita Nesterenko is hit by Nate Clurman and loses puck.
3:05 of 1st period - Slapshot by Drew Helleson.
3:05 of 1st period - Stopped by Ivan Prosvetov with a rebound.
6:39 of 1st period - Nikita Nesterenko is hit by Nate Clurman and loses puck.
9:02 of 1st period - Trenton Bliss is hit by Brett Leason and loses puck.
9:37 of 1st period - Urho Vaakanainen is hit by Wyatt Aamodt and loses puck.
10:45 of 1st period - Icing by Trevor Carrick.
10:46 of 1st period - Ondrej Pavel wins face-off versus Brett Leason in San Diego Gulls zone.
11:01 of 1st period - Ondrej Pavel is hit by Brayden Tracey and loses puck.
11:16 of 1st period - Nate Clurman is hit by Josh Lopina and loses puck.
11:43 of 1st period - Oskar Olausson is hit by Brayden Tracey and loses puck.
11:58 of 1st period - Wrist shot by Glenn Gawdin.
11:58 of 1st period - Shot Misses the Net.
13:00 of 1st period - Riley Tufte is hit by Glenn Gawdin and loses puck.
14:15 of 1st period - Bo Groulx is hit by Spencer Smallman and loses puck.
16:59 of 1st period - Keaton Middleton is hit by Pavol Regenda and loses puck.
17:28 of 1st period - Trevor Carrick is hit by Jason Polin and loses puck.
18:59 of 1st period - Josh Lopina is hit by Nate Clurman and loses puck.
Goals for this period are 0 for Colorado Eagles vs 0 for San Diego Gulls.
Shots for this period are 0 for Colorado Eagles vs 1 for San Diego Gulls.

2nd period


0:01 of 2nd period - Jason Polin wins face-off versus Brett Leason in neutral zone.
1:13 of 2nd period - Jack Ahcan is hit by Josh Lopina and loses puck.
1:19 of 2nd period - Icing by Jack Ahcan.
1:20 of 2nd period - Brett Leason wins face-off versus Spencer Smallman in Colorado Eagles zone.
1:21 of 2nd period - Wrist shot by Pavol Regenda.
1:21 of 2nd period - Shot Misses the Net.
1:23 of 2nd period - Wrist shot by Nikita Nesterenko.
1:23 of 2nd period - Shot Blocked by Jack Ahcan.
1:25 of 2nd period - Slapshot by Colton White.
1:25 of 2nd period - Deflect By Brett Leason.
1:25 of 2nd period - Stopped by Ivan Prosvetov with a rebound.
1:37 of 2nd period - Snap shot by Jack Ahcan.
1:37 of 2nd period - Stopped by Lukas Dostal with a rebound.
1:43 of 2nd period - Slapshot by Jack Ahcan.
1:43 of 2nd period - Stopped by Lukas Dostal without a rebound.
1:44 of 2nd period - Jason Polin wins face-off versus Bo Groulx in San Diego Gulls zone.
1:55 of 2nd period - Wrist shot by Alex Beaucage.
1:55 of 2nd period - Shot Misses the Net.
2:09 of 2nd period - Alex Beaucage is hit by Nikita Nesterenko.
3:09 of 2nd period - Wrist shot by Bo Groulx.
3:09 of 2nd period - Stopped by Ivan Prosvetov with a rebound.
3:11 of 2nd period - Slapshot by Jamie Drysdale.
3:11 of 2nd period - Shot Blocked by Nate Clurman.
3:24 of 2nd period - Icing by Glenn Gawdin.
3:25 of 2nd period - Sampo Ranta wins face-off versus Brett Leason in San Diego Gulls zone.
3:26 of 2nd period - Snap shot by Riley Tufte.
3:26 of 2nd period - Deflect By Sampo Ranta.
3:26 of 2nd period - Shot Misses the Net.
3:26 of 2nd period - Puck is out of play.
3:27 of 2nd period - Sampo Ranta wins face-off versus Brett Leason in San Diego Gulls zone.
3:30 of 2nd period - Wrist shot by Riley Tufte.
3:30 of 2nd period - Stopped by Lukas Dostal with a rebound.
3:32 of 2nd period - Slapshot by Riley Tufte.
3:32 of 2nd period - Shot Blocked by Colton White.
3:34 of 2nd period - Snap shot by Sampo Ranta.
3:34 of 2nd period - Stopped by Lukas Dostal with a rebound.
3:36 of 2nd period - Snap shot by Alex Beaucage.
3:36 of 2nd period - Shot Misses the Net.
3:38 of 2nd period - Slapshot by Jack Ahcan.
3:38 of 2nd period - Stopped by Lukas Dostal with a rebound.
4:16 of 2nd period - Snap shot by Jack Ahcan.
4:16 of 2nd period - Stopped by Lukas Dostal with a rebound.
4:18 of 2nd period - Snap shot by Spencer Smallman.
4:18 of 2nd period - Shot Misses the Net.
4:20 of 2nd period - Wrist shot by Ondrej Pavel.
4:20 of 2nd period - Shot Misses the Net.
4:26 of 2nd period - Snap shot by Spencer Smallman.
4:26 of 2nd period - Shot Blocked by Urho Vaakanainen.
4:42 of 2nd period - Icing by Keaton Middleton.
4:43 of 2nd period - Jean-Luc Foudy wins face-off versus Brett Leason in Colorado Eagles zone.
5:27 of 2nd period - Sampo Ranta is hit by Josh Lopina and loses puck.
5:46 of 2nd period - Oskar Olausson is hit by Nikita Nesterenko and loses puck.
6:03 of 2nd period - Wrist shot by Bo Groulx.
6:03 of 2nd period - Shot Misses the Net.
6:48 of 2nd period - Nikita Nesterenko is hit by Jean-Luc Foudy and loses puck.
7:09 of 2nd period - Slapshot by Colton White.
7:09 of 2nd period - Deflect By Bo Groulx.
7:09 of 2nd period - Stopped by Ivan Prosvetov with a rebound.
7:11 of 2nd period - Snap shot by Jacob Perreault.
7:11 of 2nd period - Shot Misses the Net.
7:51 of 2nd period - Riley Tufte is hit by Brayden Tracey and loses puck.
7:59 of 2nd period - Icing by Sam Malinski.
8:00 of 2nd period - Pavol Regenda wins face-off versus Jason Polin in Colorado Eagles zone.
8:01 of 2nd period - Wrist shot by Nikita Nesterenko.
8:01 of 2nd period - Stopped by Ivan Prosvetov with a rebound.
8:30 of 2nd period - Wrist shot by Pavol Regenda.
8:30 of 2nd period - Stopped by Ivan Prosvetov without a rebound.
8:31 of 2nd period - Jean-Luc Foudy wins face-off versus Bo Groulx in Colorado Eagles zone.
8:42 of 2nd period - Snap shot by Sampo Ranta.
8:42 of 2nd period - Stopped by Lukas Dostal with a rebound.
9:14 of 2nd period - Wrist shot by Spencer Smallman.
9:14 of 2nd period - Deflect By Glenn Gawdin.
9:14 of 2nd period - Stopped by Lukas Dostal with a rebound.
9:20 of 2nd period - Snap shot by Glenn Gawdin.
9:20 of 2nd period - Goal by Glenn Gawdin - Colorado Eagles : 0 - San Diego Gulls : 1.
9:21 of 2nd period - Jason Polin wins face-off versus Brett Leason in neutral zone.
9:23 of 2nd period - Off-side.
9:24 of 2nd period - Brett Leason wins face-off versus Jason Polin in neutral zone.
9:29 of 2nd period - Slapshot by Pavol Regenda.
9:29 of 2nd period - Shot Misses the Net.
9:37 of 2nd period - Wrist shot by Riley Tufte.
9:37 of 2nd period - Stopped by Lukas Dostal without a rebound.
9:38 of 2nd period - Jason Polin wins face-off versus Brett Leason in San Diego Gulls zone.
10:04 of 2nd period - Sam Malinski is hit by Jacob Perreault and loses puck.
10:13 of 2nd period - Wrist shot by Sampo Ranta.
10:13 of 2nd period - Deflect By Jean-Luc Foudy.
10:13 of 2nd period - Shot Misses the Net.
10:13 of 2nd period - Puck is out of play.
10:14 of 2nd period - Brett Leason wins face-off versus Alex Beaucage in San Diego Gulls zone.
10:14 of 2nd period - Brett Leason is hit by Riley Tufte.
10:19 of 2nd period - Off-side.
10:20 of 2nd period - Riley Tufte wins face-off versus Brett Leason in neutral zone.
10:46 of 2nd period - Jacob Perreault is hit by Sampo Ranta and loses puck.
11:05 of 2nd period - Snap shot by Spencer Smallman.
11:05 of 2nd period - Deflect By Trenton Bliss.
11:05 of 2nd period - Stopped by Lukas Dostal without a rebound.
11:06 of 2nd period - Ondrej Pavel wins face-off versus Glenn Gawdin in San Diego Gulls zone.
11:07 of 2nd period - Snap shot by Spencer Smallman.
11:07 of 2nd period - Stopped by Lukas Dostal with a rebound.
11:29 of 2nd period - Snap shot by Glenn Gawdin.
11:29 of 2nd period - Stopped by Ivan Prosvetov with a rebound.
11:31 of 2nd period - Snap shot by Chase De-Leo.
11:31 of 2nd period - Stopped by Ivan Prosvetov with a rebound.
11:35 of 2nd period - Snap shot by Glenn Gawdin.
11:35 of 2nd period - Shot Misses the Net.
11:37 of 2nd period - Slapshot by Chris Martenet.
11:37 of 2nd period - Deflect By Jack Ahcan.
11:37 of 2nd period - Stopped by Ivan Prosvetov with a rebound.
11:53 of 2nd period - Snap shot by Glenn Gawdin.
11:53 of 2nd period - Shot Misses the Net.
11:55 of 2nd period - Wrist shot by Glenn Gawdin.
11:55 of 2nd period - Shot Misses the Net.
11:57 of 2nd period - Wrist shot by Glenn Gawdin.
11:57 of 2nd period - Stopped by Ivan Prosvetov with a rebound.
12:11 of 2nd period - Snap shot by Glenn Gawdin.
12:11 of 2nd period - Shot Blocked by Alex Beaucage.
12:13 of 2nd period - Slapshot by Jamie Drysdale.
12:13 of 2nd period - Deflect By Glenn Gawdin.
12:13 of 2nd period - Shot Misses the Net.
12:13 of 2nd period - Puck is out of play.
12:14 of 2nd period - Jean-Luc Foudy wins face-off versus Brett Leason in Colorado Eagles zone.
12:25 of 2nd period - Jean-Luc Foudy is hit by Pavol Regenda and loses puck.
12:40 of 2nd period - Wrist shot by Brayden Tracey.
12:40 of 2nd period - Shot Blocked by Ondrej Pavel.
12:42 of 2nd period - Snap shot by Bo Groulx.
12:42 of 2nd period - Shot Misses the Net.
12:44 of 2nd period - Snap shot by Bo Groulx.
12:44 of 2nd period - Shot Misses the Net.
12:46 of 2nd period - Snap shot by Bo Groulx.
12:46 of 2nd period - Stopped by Ivan Prosvetov without a rebound.
12:47 of 2nd period - Bo Groulx wins face-off versus Ondrej Pavel in Colorado Eagles zone.
12:48 of 2nd period - Snap shot by Brayden Tracey.
12:48 of 2nd period - Shot Blocked by Wyatt Aamodt.
12:50 of 2nd period - Slapshot by Chris Martenet.
12:50 of 2nd period - Deflect By Brayden Tracey.
12:50 of 2nd period - Stopped by Ivan Prosvetov with a rebound.
12:52 of 2nd period - Snap shot by Colton White.
12:52 of 2nd period - Goal by Colton White - Colorado Eagles : 0 - San Diego Gulls : 2.
12:53 of 2nd period - Brett Leason wins face-off versus Jason Polin in neutral zone.
13:23 of 2nd period - Wrist shot by Brayden Tracey.
13:23 of 2nd period - Stopped by Ivan Prosvetov with a rebound.
13:25 of 2nd period - Snap shot by Bo Groulx.
13:25 of 2nd period - Shot Blocked by Sampo Ranta.
13:27 of 2nd period - Wrist shot by Brayden Tracey.
13:27 of 2nd period - Stopped by Ivan Prosvetov without a rebound.
13:28 of 2nd period - Bo Groulx wins face-off versus Jason Polin in Colorado Eagles zone.
13:29 of 2nd period - Snap shot by Brayden Tracey.
13:29 of 2nd period - Shot Blocked by Riley Tufte.
13:31 of 2nd period - Wrist shot by Bo Groulx.
13:31 of 2nd period - Shot Misses the Net.
13:33 of 2nd period - Snap shot by Jacob Perreault.
13:33 of 2nd period - Stopped by Ivan Prosvetov without a rebound.
13:34 of 2nd period - Bo Groulx wins face-off versus Jason Polin in Colorado Eagles zone.
13:38 of 2nd period - Double Minor Penalty to Keaton Middleton for Roughing.
13:39 of 2nd period - Glenn Gawdin wins face-off versus Spencer Smallman in Colorado Eagles zone.
14:03 of 2nd period - Wyatt Aamodt is hit by Pavol Regenda and loses puck.
14:18 of 2nd period - Snap shot by Nikita Nesterenko.
14:18 of 2nd period - Goal by Nikita Nesterenko - Colorado Eagles : 0 - San Diego Gulls : 3.
14:19 of 2nd period - Spencer Smallman wins face-off versus Bo Groulx in neutral zone.
14:22 of 2nd period - Slapshot by Spencer Smallman.
14:22 of 2nd period - Shot Misses the Net.
14:24 of 2nd period - Snap shot by Jean-Luc Foudy.
14:24 of 2nd period - Shot Blocked by Brayden Tracey.
14:26 of 2nd period - Snap shot by Wyatt Aamodt.
14:26 of 2nd period - Shot Blocked by Colton White.
15:02 of 2nd period - Icing by Bo Groulx.
15:03 of 2nd period - Grant Cruikshank wins face-off versus Jacob Perreault in San Diego Gulls zone.
15:30 of 2nd period - Snap shot by Pavol Regenda.
15:30 of 2nd period - Shot Blocked by Sampo Ranta.
15:32 of 2nd period - Slapshot by Trevor Carrick.
15:32 of 2nd period - Goal by Trevor Carrick - Colorado Eagles : 0 - San Diego Gulls : 4.
15:32 of 2nd period - Tommy Nappier enters game.
15:33 of 2nd period - Riley Tufte wins face-off versus Brett Leason in neutral zone.
15:36 of 2nd period - Snap shot by Alex Beaucage.
15:36 of 2nd period - Shot Blocked by Colton White.
15:44 of 2nd period - Keaton Middleton is hit by Brett Leason and loses puck.
15:49 of 2nd period - Slapshot by Brett Leason.
15:49 of 2nd period - Stopped by Tommy Nappier with a rebound.
16:24 of 2nd period - Jamie Drysdale is hit by Spencer Smallman and loses puck.
17:30 of 2nd period - Minor Penalty to Keaton Middleton for Tripping.
17:31 of 2nd period - Glenn Gawdin wins face-off versus Spencer Smallman in Colorado Eagles zone.
17:31 of 2nd period - Snap shot by Nikita Nesterenko.
17:31 of 2nd period - Stopped by Tommy Nappier with a rebound.
17:33 of 2nd period - Snap shot by Colton White.
17:33 of 2nd period - Deflect By Pavol Regenda.
17:33 of 2nd period - Goal by Pavol Regenda - Colorado Eagles : 0 - San Diego Gulls : 5.
17:34 of 2nd period - Jason Polin wins face-off versus Brett Leason in neutral zone.
17:36 of 2nd period - Keaton Middleton beats up Pavol Regenda.
17:36 of 2nd period - Penalty to Pavol Regenda for Fighting.
17:36 of 2nd period - Penalty to Keaton Middleton for Fighting.
17:37 of 2nd period - Jason Polin wins face-off versus Brett Leason in neutral zone.
18:02 of 2nd period - Colton White is hit by Nate Clurman and loses puck.
18:06 of 2nd period - Icing by Bo Groulx.
18:07 of 2nd period - Bo Groulx wins face-off versus Jean-Luc Foudy in San Diego Gulls zone.
18:12 of 2nd period - Snap shot by Jamie Drysdale.
18:12 of 2nd period - Stopped by Tommy Nappier with a rebound.
18:14 of 2nd period - Slapshot by Jamie Drysdale.
18:14 of 2nd period - Shot Misses the Net.
18:16 of 2nd period - Snap shot by Bo Groulx.
18:16 of 2nd period - Shot Blocked by Jack Ahcan.
18:18 of 2nd period - Wrist shot by Jacob Perreault.
18:18 of 2nd period - Stopped by Tommy Nappier without a rebound.
18:19 of 2nd period - Brett Leason wins face-off versus Jason Polin in Colorado Eagles zone.
18:27 of 2nd period - Minor Penalty to Nate Clurman for Cross-checking.
18:28 of 2nd period - Spencer Smallman wins face-off versus Glenn Gawdin in Colorado Eagles zone.
18:54 of 2nd period - Spencer Smallman is hit by Urho Vaakanainen and loses puck.
Goals for this period are 0 for Colorado Eagles vs 5 for San Diego Gulls.
Shots for this period are 11 for Colorado Eagles vs 23 for San Diego Gulls.

3rd period


0:01 of 3rd period - Glenn Gawdin wins face-off versus Spencer Smallman in neutral zone.
0:26 of 3rd period - Wyatt Aamodt is hit by Jacob Perreault and loses puck.
0:27 of 3rd period - Penalty to Nate Clurman is over, Nate Clurman is back on ice.
1:41 of 3rd period - Sam Malinski is hit by Brett Leason and loses puck.
1:54 of 3rd period - Bo Groulx is hit by Sampo Ranta.
2:13 of 3rd period - Minor Penalty to Chris Martenet for Interference.
2:14 of 3rd period - Glenn Gawdin wins face-off versus Jason Polin in San Diego Gulls zone.
2:36 of 3rd period - Penalty to Pavol Regenda is over, Pavol Regenda is back on ice.
4:03 of 3rd period - Jack Ahcan is hit by Bo Groulx and loses puck.
4:13 of 3rd period - Penalty to Chris Martenet is over, Chris Martenet is back on ice.
9:55 of 3rd period - Adrien Beraldo is hit by Riley Tufte and loses puck.
14:36 of 3rd period - Icing by Jamie Drysdale.
14:37 of 3rd period - Bo Groulx wins face-off versus Ondrej Pavel in San Diego Gulls zone.
15:38 of 3rd period - Icing by Riley Tufte.
15:39 of 3rd period - Ondrej Pavel wins face-off versus Bo Groulx in Colorado Eagles zone.
15:44 of 3rd period - Slapshot by Spencer Smallman.
15:44 of 3rd period - Goal by Spencer Smallman - Colorado Eagles : 1 - San Diego Gulls : 5.
15:45 of 3rd period - Nikita Nesterenko wins face-off versus Riley Tufte in neutral zone.
15:58 of 3rd period - Snap shot by Brett Leason.
15:58 of 3rd period - Stopped by Tommy Nappier with a rebound.
16:00 of 3rd period - Slapshot by Chris Martenet.
16:00 of 3rd period - Deflect By Pavol Regenda.
16:00 of 3rd period - Goal by Pavol Regenda - Colorado Eagles : 1 - San Diego Gulls : 6.
16:01 of 3rd period - Riley Tufte wins face-off versus Brett Leason in neutral zone.
16:35 of 3rd period - Snap shot by Trenton Bliss.
16:35 of 3rd period - Shot Misses the Net.
16:37 of 3rd period - Wrist shot by Trenton Bliss.
16:37 of 3rd period - Stopped by Lukas Dostal with a rebound.
16:39 of 3rd period - Slapshot by Sam Malinski.
16:39 of 3rd period - Shot Misses the Net.
16:58 of 3rd period - Wrist shot by Jean-Luc Foudy.
16:58 of 3rd period - Shot Misses the Net.
17:18 of 3rd period - Minor Penalty to Alex Beaucage for Tripping.
17:19 of 3rd period - Spencer Smallman wins face-off versus Pavol Regenda in Colorado Eagles zone.
17:19 of 3rd period - Spencer Smallman is hit by Urho Vaakanainen.
17:47 of 3rd period - Slapshot by Jamie Drysdale.
17:47 of 3rd period - Deflect By Keaton Middleton.
17:47 of 3rd period - Stopped by Tommy Nappier without a rebound.
17:48 of 3rd period - Spencer Smallman wins face-off versus Bo Groulx in Colorado Eagles zone.
18:12 of 3rd period - Slapshot by Pavol Regenda.
18:12 of 3rd period - Goal by Pavol Regenda - Colorado Eagles : 1 - San Diego Gulls : 7.
18:13 of 3rd period - Brett Leason wins face-off versus Jason Polin in neutral zone.
18:13 of 3rd period - Brett Leason is hit by Alex Beaucage.
18:17 of 3rd period - Snap shot by Nikita Nesterenko.
18:17 of 3rd period - Stopped by Tommy Nappier with a rebound.
18:19 of 3rd period - Wrist shot by Pavol Regenda.
18:19 of 3rd period - Shot Misses the Net.
19:03 of 3rd period - Riley Tufte is hit by Jacob Perreault and loses puck.
19:16 of 3rd period - Snap shot by Riley Tufte.
19:16 of 3rd period - Stopped by Lukas Dostal without a rebound.
19:17 of 3rd period - Brett Leason wins face-off versus Jean-Luc Foudy in San Diego Gulls zone.
Goals for this period are 1 for Colorado Eagles vs 2 for San Diego Gulls.
Shots for this period are 3 for Colorado Eagles vs 5 for San Diego Gulls.